 Dungeon Crawl Stone Soup version 0.26.1-11-gd32895ea62 (webtiles) character file.

Game seed: 12832035528638296142

292 nothank2 the Slasher (level 6, 0/51 HPs)
             Began as a Draconian Fighter on June 23, 2021.
             Slain by a goblin
             ... wielding a +0 club
              (3 damage)
             ... on level 3 of the Dungeon.
             The game lasted 00:04:52 (2909 turns).

nothank2 the Slasher (Draconian Fighter)            Turns: 2909, Time: 00:04:53

Health: 0/51       AC:  6    Str: 20    XL:     6   Next: 10%
Magic:  6/6        EV: 10    Int:  8    God:
Gold:   166        SH:  9    Dex: 11    Spells: 5/5 levels left

rFire    . . .     SeeInvis .   a - +0 long sword
rCold    . . .     Faith    .   b - +0 kite shield
rNeg     . . .     Spirit   .   (armour unavailable)
rPois    .         Reflect  .   (helmet restricted)
rElec    .         Harm     .   (no cloak)
rCorr    .         Rampage  .   (no gloves)
Will     .....                  (no boots)
Stlth    +.........             (no amulet)
HPRegen  0.17/turn              (no ring)
MPRegen  0.10/turn              (no ring)

@: hasted and slowed
A: unfitting armour, cold-blooded, AC +6
a: no special abilities


You were on level 3 of the Dungeon.
You visited 1 branch of the dungeon, and saw 3 of its levels.

You collected 166 gold pieces.

Inventory:

Hand Weapons
 a - a +0 long sword (weapon)
Missiles
 q - 5 poisoned darts (quivered)
Armour
 b - a +0 kite shield (worn)
 l - a +0 pair of gloves
Jewellery
 i - a cursed amulet of inaccuracy {unknown}
Scrolls
 d - 4 scrolls of identify
 f - 2 scrolls of remove curse
 k - a scroll of amnesia
 n - a scroll of fear
Potions
 c - a potion of might
 e - a potion of mutation {unknown}
 g - 2 potions of heal wounds
 h - 2 potions of curing {unknown}
 m - a potion of attraction {unknown}
 o - a potion of degeneration {unknown}
 p - a potion of cancellation {unknown}


   Skills:
 - Level 3.2 Fighting
 + Level 6.5 Long Blades
 - Level 2.6 Dodging
 - Level 3.0 Shields


You had 5 spell levels left.
You didn't know any spells.
Your spell library was empty.

Dungeon Overview and Level Annotations

Branches:
Dungeon (3/15)

Altars:
Gozag
Wu Jian


Innate Abilities, Weirdness & Mutations

Your plain brown scales are hard. (AC +6)
You cannot fit into any form of body armour.
You are cold-blooded and may be slowed by cold attacks.


Message History

The goblin hits you but does no damage. The orc misses you.
You riposte.
You hit the orc.
You kill the orc!
The orc hits you but does no damage. The orc barely misses you.
You riposte.
You slash the orc!
You kill the orc!
You closely miss the orc. The goblin hits you with a +0 club.
* * * LOW HITPOINT WARNING * * *
The orc hits you but does no damage.
You barely miss the orc.
Your tail-slap misses the orc.
The goblin barely misses you. The orc closely misses you.
You block the goblin's attack. You block the orc's attack.
You hit the orc.
The orc is lightly wounded.
You block the orc's attack. The goblin hits you with a +0 club.
* * * LOW HITPOINT WARNING * * *
You hit the orc. You tail-slap the orc.
You kill the orc!
The goblin hits you with a +0 club.
You die...

#####.#..##...........
#.#..#.#..........
#.#...#.##......#
#.#....##.#....#
#......#.#.#..#.
###....)#.##..##
#......##....##..
#.......g........
..........)@†......
..........##))..##..
...#.....#.##..##
...#....#.#. ..#
........## #....#
.....# ....# ...#
..... ......


You could see a goblin.

Vanquished Creatures
  An orc wizard (D:3)
  Jessica (D:2)
  Natasha (thrice) (D:2)
  Terence (D:3)
  2 adders (D:2)
  A white imp (D:3)
  An ooze (D:3)
  8 worms
  2 dart slugs
  2 leopard geckos
  4 orcs (D:3)
  10 bats
  5 giant cockroaches
  12 goblins
  7 hobgoblins
  6 jackals
  5 frilled lizards
  8 kobolds
  3 rats (D:1)
82 creatures vanquished.

Notes
Turn   | Place    | Note
-------+----------+-------------------------------------------
     0 | D:1      | nothank2 the Draconian Fighter began the quest for the Orb.
     0 | D:1      | Reached XP level 1. HP: 19/19 MP: 1/1
   161 | D:1      | Reached XP level 2. HP: 17/26 MP: 2/2
   326 | D:1      | Reached skill level 3 in Long Blades
   624 | D:1      | Reached XP level 3. HP: 31/31 MP: 3/3
  1286 | D:2      | Reached skill level 4 in Long Blades
  1582 | D:2      | Noticed Natasha
  1588 | D:2      | Killed Natasha
  1589 | D:2      | Reached XP level 4. HP: 37/38 MP: 4/4
  1601 | D:2      | Noticed Jessica
  1631 | D:2      | Noticed Natasha
  1637 | D:2      | Killed Jessica
  1638 | D:2      | Reached skill level 5 in Long Blades
  1642 | D:2      | Killed Natasha
  1643 | D:2      | Reached XP level 5. HP: 18/45 MP: 5/5
  2078 | D:2      | Found an ornate altar of the Wu Jian Council.
  2200 | D:2      | Noticed Natasha
  2202 | D:2      | Killed Natasha
  2445 | D:3      | Reached skill level 6 in Long Blades
  2504 | D:3      | Noticed Terence
  2515 | D:3      | Killed Terence
  2796 | D:3      | Found an opulent altar of Gozag.
  2900 | D:3      | Reached XP level 6. HP: 20/51 MP: 6/6
  2909 | D:3      | Slain by a goblin

Illustrated notes

Levels and vault maps discovered:
D:1:      minmay_arrival_plants_in_alcoves, layout_basic
D:2:      layout_basic, nzn_wu_jian_contemplation, uniq_jessica, uniq_natasha
D:3:      layout_basic, nicolae_overflow_hidden_temple,
          grunt_temple_overflow_open, minmay_misc_feat_secret_circle,
          lexackson_kobold_supper, uniq_terence, uniq_ijyb

Skill      XL: |  1  2  3  4  5 |
---------------+----------------+-----
Long Blades    | 3 4 5 6 |  6.5
Fighting       | |  3.2
Dodging        | |  2.6
Shields        | |  3.0

Action                   |  1- 3 |  4- 6 || total
-------------------------+-------+-------++-------
Melee: Long sword        |    85 |   127 ||   212
       Tailslap          |    17 |    17 ||    34
Throw: Dart              |       |     1 ||     1
  Use: Scroll            |       |     4 ||     4
       Potion            |       |     1 ||     1
 Stab: Sleeping          |       |     2 ||     2
Armor: Skin              |    20 |    32 ||    52
Dodge: Dodged            |    34 |    58 ||    92
Block: Kite shield       |    42 |    70 ||   112
       Rpst.: Long sword |    12 |    20 ||    32
